 Dungeon Crawl Stone Soup version 0.31-a0-963-ga325b2283a (webtiles) character file.

Game seed: 1859496281190883374

226 croobank the Trooper (level 6, -5/44 HPs)
             Began as an Octopode Monk on Oct 24, 2023.
             Slain by an ogre
             ... wielding a +0 giant club
              (31 damage)
             ... on level 4 of the Dungeon.
             The game lasted 00:06:10 (2578 turns).

croobank the Trooper (Octopode Monk)                Turns: 2578, Time: 00:06:11

Health: -5/44      AC:  1    Str: 10    XL:     6   Next: 1%
Magic:  6/6        EV: 15    Int: 14    God:
Gold:   21         SH:  0    Dex: 15    Spells: 5/5 levels left

rFire   . . .        l - +0 dagger (venom)
rCold   . . .        c - orb {light}
rNeg    . . .        (helmet restricted)
rPois   .            (no amulet)
rElec   .            (no ring)
rCorr   .            (no ring)
SInv    .            (no ring)
Will    .....        (no ring)
Stlth   +            (no ring)
HPRegen 0.27/turn    (no ring)
MPRegen 0.10/turn    (no ring)
                     (no ring)

%: no passive effects
@: glowing
A: almost no armour, amphibious, 8 rings, camouflage 1, gelatinous body 1,
(nimble swimmer 1), tentacles
a: no special abilities


You were on level 4 of the Dungeon.
You visited 1 branch of the dungeon, and saw 4 of its levels.

You collected 145 gold pieces.
You spent 124 gold pieces at shops.

Inventory:

Hand Weapons
 a - a +0 short sword
 h - the +6 mace of the Final Decision {freeze, +Blink rCorr Int-3 Stlth+}
   (You took it off a kobold on level 3 of the Dungeon)

   Int-3:     It affects your intelligence (-3).
   +Blink:    It lets you blink.
   rCorr:     It protects you from acid and corrosion.
   Stlth+:    It makes you more stealthy.
 l - a +0 dagger of venom (weapon)
Missiles
 i - 4 atropa-tipped darts
 n - 4 poisoned darts
Armour
 c - an orb of light (worn)
Talismans
 f - a blade talisman
Scrolls
 g - 3 scrolls of teleportation
 j - 2 scrolls of noise {unknown}
 m - a scroll of summoning {unknown}
Potions
 b - a potion of ambrosia
 d - 3 potions of degeneration
 e - 2 potions of curing
 k - 2 potions of heal wounds {unknown}


   Skills:
 + Level 4.5 Fighting
 + Level 4.4 Short Blades
 + Level 4.4 Dodging


You had 5 spell levels left.
You didn't know any spells.
Your spell library was empty.

Dungeon Overview and Level Annotations

Branches:
Dungeon (4/15)
 Temple: D:4-7

Altars:
Gozag
Uskayaw
Vehumet
Zin

Shops:
D:4 *


Innate Abilities, Weirdness & Mutations

You cannot wear most types of armour.
You are amphibious.
You can wear up to eight rings at the same time.
Your skin changes colour to match your surroundings (Stealth+).
Your rubbery body absorbs attacks. (AC +1, EV +1)
((You are camouflaged when in or above water. (Stealth+)))
You have tentacles for arms and can constrict up to eight enemies at once.


Message History

The helpless hobgoblin fails to defend itself.
You puncture the hobgoblin!
You kill the hobgoblin!
Found a stone staircase leading down.
There is a stone staircase leading down here.
Found an escape hatch in the ceiling.
An iguana comes into view.
The iguana hisses angrily.
An ogre comes into view. It is wielding a +0 giant club.
The iguana closely misses you.
You hit the iguana but do no damage.
The iguana is poisoned.
You grab the iguana.
You constrict the iguana, but do no damage.
The iguana barely misses you.
You hit the iguana but do no damage.
You constrict the iguana, but do no damage.
The iguana bites you.
You hit the iguana but do no damage.
The iguana is lightly wounded.
You constrict the iguana, but do no damage.
The ogre barely misses you. The iguana bites you!
You hit the iguana but do no damage.
The iguana looks even sicker.
You tentacle-slap the iguana.
The iguana is heavily wounded.
You constrict the iguana, but do no damage.
You hit the ogre.
The ogre is poisoned.
You squeeze the ogre.
The ogre is moderately wounded.
You constrict the iguana, but do no damage.
The iguana closely misses you. The ogre barely misses you.
You hit the ogre but do no damage.
The ogre looks as sick as possible!
The ogre is moderately wounded.
You constrict the iguana, but do no damage.
The iguana bites you!
You hit the ogre but do no damage.
The ogre looks as sick as possible!
You squeeze the ogre.
The ogre is heavily wounded.
You constrict the iguana. The iguana bites you.
The ogre hits you with a +0 giant club!!
Ouch! That really hurt!
You die...

#.### #....#
###.# #....#
#####...#
#....#
.....>..#
#....#
##....#..#
#....#
.....###.#
#####..##
##.#..# .#
##......#
##.##.# ..
#..#....#
...# ..###.
# #.@####
.### #...
#....Ol# .#
##......##.#
## ##....
#.# ..# ....
..# ### .#.
..# .. ...
#.. ....
.....


You could see an ogre (extremely poisoned) and an iguana (very poisoned).

Vanquished Creatures
  A scorpion (D:3)
  3 iguanas (D:4)
  An adder (D:2)
  3 worms
  A dart slug (D:2)
  An orc (D:3)
  4 bats
  7 endoplasms
  7 giant cockroaches
  A goblin (D:2)
  8 hobgoblins
  7 jackals
  4 ball pythons
  4 frilled lizards
  7 kobolds
  4 rats
63 creatures vanquished.

Notes
Turn   | Place    | Note
-------+----------+-------------------------------------------
     0 | D:1      | croobank the Octopode Monk began the quest for the Orb.
     0 | D:1      | Reached XP level 1. HP: 16/16 MP: 1/1
    90 | D:1      | Reached XP level 2. HP: 20/21 MP: 2/2
   669 | D:2      | Reached XP level 3. HP: 19/26 MP: 3/3
  1494 | D:2      | Reached XP level 4. HP: 32/33 MP: 4/4
  1755 | D:3      | Found an opulent altar of Gozag.
  1785 | D:3      | Noticed a scorpion
  1801 | D:3      | Killed a scorpion
  1802 | D:3      | Reached XP level 5. HP: 15/37 MP: 5/5
  2085 | D:3      | Identified the +6 mace of the Final Decision {freeze,
                  | +Blink rCorr Int-3 Stlth+}
  2091 | D:3      | Found a glowing silver altar of Zin.
  2091 | D:3      | Found a hide-covered altar of Uskayaw.
  2104 | D:3      | Found a radiant altar of Vehumet.
  2106 | D:3      | Found a faded altar of an unknown god.
  2108 | D:3      | Found a faded altar of an unknown god.
  2183 | D:3      | Identified the flux talisman "Dahurpheu" {Will+ Dex+5}
  2289 | D:4      | Found Yteschoita's Assorted Antiques.
  2298 | D:4      | Bought a scroll of identify for 52 gold pieces
  2298 | D:4      | Bought a scroll labelled ZIRAREW LACEDU for 26 gold pieces
  2298 | D:4      | Bought a murky amethyst potion for 23 gold pieces
  2298 | D:4      | Bought a purple potion for 23 gold pieces
  2490 | D:4      | Reached XP level 6. HP: 42/44 MP: 6/6
  2578 | D:4      | Slain by an ogre

Illustrated notes

Levels and vault maps discovered:
D:1:      psy_arrival_radial02, layout_basic
D:2:      layout_basic, minivault_14, st_stairs_14
D:3:      layout_basic, chequers_temple_overflow_minitemple,
          lemuel_crystal_altar
D:4:      layout_rooms, serial_shops, shop, st_stairs_8, solitary_fountain,
          serial_bayou_pond_a, minmay_misc_feat_doors

Skill      XL: |  1  2  3  4 |
---------------+-------------+-----
Fighting       | 4 |  4.5
Short Blades   | 4 |  4.4
Dodging        | 4 |  4.4

Action                     |  1- 3 |  4- 6 || total
---------------------------+-------+-------++-------
  Melee: Short sword       |    72 |       ||    72
         Constrict         |    27 |    17 ||    44
         Tentacles         |    31 |    17 ||    48
         Dagger            |    10 |    67 ||    77
         Punch             |     3 |     1 ||     4
    Use: Scroll            |     4 |     2 ||     6
   Stab: Sleeping          |       |     2 ||     2
 Armour: Skin              |    27 |    29 ||    56
  Dodge: Dodged            |    27 |    28 ||    55

Table legend: (Time is in decaauts)
 A = Elapsed time spent in this place.
 B = Non-inter-level travel time spent in this place.
 C = Inter-level travel time spent in this place.
 D = Time resting spent in this place.
 E = Time spent auto-exploring this place.
 F = Levels seen in this place.
 G = Mean time per level.
                   A        B        C        D        E       F      G
               +--------+--------+--------+--------+--------+-----+--------+
         Total |   2550 |   2467 |     83 |    426 |   1662 |   4 |  637.5 |
       Dungeon |   2550 |   2467 |     83 |    426 |   1662 |   4 |  637.5 |
               +--------+--------+--------+--------+--------+-----+--------+

Top non-repeatable levels by time:
     D:2: 1037 daAuts
     D:1: 587 daAuts
     D:3: 542 daAuts
     D:4: 383 daAuts
